Cogmind - Beta 13 @@@ ROGUE MODE // 2024.04.06 @ 01:21:45 Player: SnowyImp Result: Destroyed by as-95785 with Assembled F-torch Performance ------------- Evolutions (0) 0 Regions Visited (2) 400 Robots Destroyed (10) 50 Value Destroyed (279) 279 Prototype IDs (0) 0 Alien Tech Used (0) 0 Bonus (0) 0 TOTAL SCORE: 729 Bonus ------- None Cogmind --------- Core Integrity 0/250 Matter 300/300 Energy 99/100 System Corruption 1% Temperature Cool (20) Movement Core (50) Location -10/Mines Parts ------- > --- POWER (1) -------- (None) > --- PROPULSION (2) --- (None) > --- UTILITY (2) ------ Targeting Computer > --- WEAPON (2) ------- (None) > --- INVENTORY (5) ---- Ion Engine Improved Heat Sink Peak State ------------ > --- POWER ------------ Light Nuclear Core > --- PROPULSION ------- Aluminum Leg Aluminum Leg > --- UTILITY ---------- Improved Heat Sink Targeting Computer > --- WEAPON ----------- Particle Gun Particle Gun > --- INVENTORY -------- Ion Engine Aluminum Leg [Rating: 13] Favorites ----------- Power Light Nuclear Core Engine Light Ion Engine Power Core Light Nuclear Core Propulsion Aluminum Leg Leg Aluminum Leg Utility Improved Heat Sink Device Improved Heat Sink Storage Small Storage Unit Processor Targeting Computer Weapon Particle Gun Energy Gun Particle Gun Special Weapon Mining Laser Build | -11 -10 -10 ------- Run | Yrd Mat Min Slots Evolved . | . . . Power . | . . . Propulsion . | . . . Utility . | . . . Weapon . | . . . Parts Attached 16 | 5 8 3 Power 2 | 1 1 . Engine 1 | 1 . . Core 1 | . 1 . Reactor . | . . . Propulsion 5 | 2 2 1 Treads . | . . . Leg 5 | 2 2 1 Wheel . | . . . Hover . | . . . Flight . | . . . Utility 3 | 1 2 . Device 1 | . 1 . Storage 1 | 1 . . Processor 1 | . 1 . Hackware . | . . . Protection . | . . . Artifact . | . . . Weapon 6 | 1 3 2 Energy Gun 4 | 1 3 . Energy Cannon . | . . . Ballistic Gun . | . . . Ballistic Cannon . | . . . Launcher . | . . . Special Weapon 2 | . . 2 Impact Weapon . | . . . Slashing Weapon . | . . . Piercing Weapon . | . . . Special Melee Weapon . | . . . Unidentified Prototypes . | . . . Parts Lost 7 | . . 7 Power 1 | . . 1 Propulsion 2 | . . 2 Utility 1 | . . 1 Weapon 3 | . . 3 Highest Loss Streak 6 | . . 6 To Critical Strikes 1 | . . 1 Average Slot Usage (%) 84 | . 78 87 Engine 1 | . 4 . Core 12 | . 9 13 Leg 27 | . 28 27 Device 12 | . 9 13 Processor 10 | . 2 14 Energy Gun 19 | . 23 16 Naked Turns . | . . . Heaviest Build 12 | 10 12 12 Greatest Support 20 | 20 20 20 Greatest Overweight (x) 3 | 3 . . Average Overweight (x) . | . . . Largest Inventory Capacity 8 | 8 5 5 Average Capacity 5 | 6 5 5 Most Carried 5 | 1 5 3 Average Carried 2 | . 3 2 Final Capacity 5 | 5 5 5 Final Carried 3 | 1 3 2 Class Distribution -------------------- 81% | Scavenger-Mutant 18% | Mutant Dominant Class ---------------- Scavenger-Mutant | -10/Materials Scavenger-Mutant | -10/Mines Resources | -11 -10 -10 ----------- Run | Yrd Mat Min Matter Collected 340 | 238 92 10 Remotely . | . . . Salvage Created 365 | . 180 185 Parts 18 | . 13 5 Haulers Intercepted . | . . . Recyclers Shooed 1 | . . 1 Parts Field Recycled . | . . . Retrieved Matter . | . . . Parts Self-Destructed . | . . . Prevented . | . . . Kills | -11 -10 -10 ------- Run | Yrd Mat Min Combat Hostiles Destroyed 9 | . 4 5 Guns 9 | . 4 5 Classes Destroyed 3 | . 1 2 Recycler 1 | . . 1 Swarmer 3 | . . 3 Grunt 6 | . 4 2 Best Kill Streak 6 | . 2 6 Combat Bots Only 5 | . 2 5 Max Kills in Single Turn 1 | . 1 1 Gunslinging . | . . . Exploded . | . . . Melee . | . . . Uniques/NPCs Destroyed . | . . . Combat | -11 -10 -10 -------- Run | Yrd Mat Min Hostile Shots Fired 84 | . 17 67 Missed 28 | . 3 25 Damage Taken 856 | . 205 651 Core 256 | . 54 202 Absorbed by Shields . | . . . Core Remaining (%) 100 | 100 . . Volleys Fired 33 | . 15 18 Largest 2 | . 2 2 Hottest 130 | . 115 130 Shots Fired 50 | . 20 30 Gun 49 | . 20 29 Cannon . | . . . Launcher . | . . . Special 1 | . . 1 Kinetic . | . . . Thermal 50 | . 20 30 Explosive . | . . . Electromagnetic . | . . . Robot Hit Streak 5 | . 5 5 Robot Miss Streak 2 | . 2 2 Penetration Max . | . . . Secondary Targets 3 | . . 3 Max Gunslinging Chain 1 | . . 1 Shots Hit Robots 34 | . 14 20 Core Hits 18 | . 10 8 Critical Kills . | . . . Critical Parts Destroyed . | . . . Critical Strikes 3 | . 2 1 Burn 3 | . 2 1 Melee Attacks . | . . . Impact . | . . . Slashing . | . . . Piercing . | . . . Sneak Attacks . | . . . Combat Hostiles . | . . . Follow-up Attacks . | . . . Damage Inflicted 496 | . 186 310 Guns 496 | . 186 310 Cannons . | . . . Explosions . | . . . Melee . | . . . Ramming . | . . . Kinetic . | . . . Thermal 496 | . 186 310 Explosive . | . . . Electromagnetic . | . . . Impact . | . . . Slashing . | . . . Piercing . | . . . Highest Corruption 1 | . . 1 Average Corruption 1 | . . 1 Corruption Purged . | . . . Corruption Blocked . | . . . Overload Shots . | . . . Overflow Damage . | . . . Projectiles . | . . . Explosions . | . . . Melee . | . . . Knockbacks . | . . . Impact . | . . . Kinetic . | . . . Secondary . | . . . Self-Inflicted Damage . | . . . Shots . | . . . Rammed . | . . . Targets Rammed 1 | . . 1 Kicked 1 | . . 1 Crushed . | . . . Highest Temperature 355 | . 163 355 Average Temperature 148 | . 84 197 Received Heat Transfer 351 | . 129 222 Effects 2 | . . 2 Shutdowns 1 | . . 1 Interference 1 | . . 1 Siege Activations . | . . . Robots Corrupted . | . . . Combat Hostiles . | . . . Parts Fried . | . . . Impact Corruptions . | . . . Robots Melted . | . . . Combat Hostiles . | . . . Parts Melted 5 | . 2 3 Heat Transferred 1480 | . 666 814 Parts Sabotaged . | . . . Parts Stolen . | . . . Parts Stripped . | . . . Power Chain Reactions . | . . . Alert | -11 -10 -10 ------- Run | Yrd Mat Min Peak Influence 160 | . 115 160 Initial 44 | . . 44 Average 87 | . 58 111 Maximum Alert Level . | . . . Low Security (%) 100 | 100 100 100 Level 1 . | . . . Level 2 . | . . . Level 3 . | . . . Level 4 . | . . . Level 5 . | . . . High Security . | . . . Max Security . | . . . Squads Dispatched . | . . . Investigation . | . . . Extermination . | . . . Reinforcement . | . . . Assault . | . . . Garrison . | . . . Intercept . | . . . Searches Triggered . | . . . Construction Impeded . | . . . Haulers Reinforced . | . . . Active Scanning Responses . | . . . Cargo Convoy Interrupts . | . . . Stealth | -11 -10 -10 --------- Run | Yrd Mat Min Distress Signals 2 | . 2 . Communications Jammed . | . . . Distress Signals . | . . . Times Spotted 30 | . 7 23 Peak Tracking Total 12 | . 4 12 Tactical Retreats 1 | . . 1 Traps | -11 -10 -10 ------- Run | Yrd Mat Min Traps Triggered . | . . . Indirectly . | . . . Trap Hack Attempts . | . . . Triggered . | . . . Disarmed . | . . . Reprogrammed . | . . . Reused . | . . . Traps Extracted . | . . . Installed . | . . . Triggered . | . . . Machines | -11 -10 -10 ---------- Run | Yrd Mat Min Machines Disabled . | . . . Max in Single Turn . | . . . Machines Repaired . | . . . Machines Dismantled . | . . . Machines Sabotaged . | . . . Overloaded Fab Kills . | . . . Hacking | -11 -10 -10 --------- Run | Yrd Mat Min Machines Accessed 1 | . 1 . Terminals 1 | . 1 . Fabricators . | . . . Repair Stations . | . . . Recycling Units . | . . . Scanalyzers . | . . . Garrison Access . | . . . Total Hacks 2 | . 2 . Successful . | . . . Failed 2 | . 2 . Catastrophic 1 | . 1 . Database Lockouts . | . . . Manual 2 | . 2 . Terminals 2 | . 2 . Fabricators . | . . . Repair Stations . | . . . Recycling Units . | . . . Scanalyzers . | . . . Garrison Access . | . . . Terminal Hacks . | . . . Fabricator Hacks . | . . . Repair Station Hacks . | . . . Recycling Unit Hacks . | . . . Scanalyzer . | . . . Garrison Access Hacks . | . . . Unauthorized Hacks . | . . . Terminals . | . . . Fabricators . | . . . Repair Stations . | . . . Recycling Units . | . . . Scanalyzers . | . . . Garrison Access . | . . . Data Cores Recovered . | . . . Used . | . . . Hacking Detections 1 | . 1 . Full Trace Events 1 | . 1 . Feedback Events . | . . . Feedback Blocked . | . . . Robot Schematics Acquired . | . . . Robots Built . | . . . Authchips . | . . . Time . | . . . Total Robot Build Rating . | . . . Part Schematics Acquired . | . . . Parts Built . | . . . Authchips . | . . . Time . | . . . Total Part Build Rating . | . . . Parts Repaired . | . . . Time . | . . . Parts Recycled . | . . . Recycled Matter . | . . . Retrieved Matter . | . . . Retrieved Components . | . . . Parts Scanalyzed . | . . . Part Schematics Acquired . | . . . Parts Damaged . | . . . Bothacking | -11 -10 -10 ------------ Run | Yrd Mat Min Used RIF Installer . | . . . Robots Hacked . | . . . Non-combat . | . . . Combat . | . . . Robot Hacks Applied . | . . . Relay Couplers Released . | . . . Fabnet Peak Effective % . | . . . Robots Rewired . | . . . Allies Hacked . | . . . Hacks Repelled . | . . . Allies | -11 -10 -10 -------- Run | Yrd Mat Min Total Allies . | . . . Largest Group . | . . . Highest-Rated Group . | . . . Highest-Rated Ally . | . . . Total Orders . | . . . Ally Attacks . | . . . Total Damage . | . . . Kills . | . . . Allies Corrupted . | . . . Allies Melted . | . . . Intel | -11 -10 -10 ------- Run | Yrd Mat Min Robot Analysis Total . | . . . Derelict Logs Recovered . | . . . Drone Launches . | . . . Drone Recoveries . | . . . Exploration | -11 -10 -10 ------------- Run | Yrd Mat Min Turns Passed 754 | 54 229 471 Spaces Moved 520 | 37 139 344 Core 28 | 7 . 21 Treads . | . . . Legs 492 | 30 139 323 Wheels . | . . . Hover . | . . . Flight . | . . . Fastest Speed 50 | 50 120 50 Average Speed 117 | 124 120 115 Slowest Speed 200 | 200 120 120 Overloaded Moves . | . . . Propulsion Burnouts . | . . . Robots Hopped . | . . . Cave-ins Triggered . | . . . Exploration Rate (%) 31 | 4 27 64 Regions Visited 2 Branch Regions 1 Pre-discovered Areas 1 | . . 1 Known Exits Taken . | . . . Unknown Exits Taken 2 | 1 1 . Scrap Searched 1 | . . 1 Spaces Dug 1 | . . 1 Terrain Destroyed 1 | . . 1 Melee . | . . . Projectile 1 | . . 1 AOE . | . . . Terrain Rammed . | . . . Walls Destroyed . | . . . Machines Disabled . | . . . Actions | -11 -10 -10 --------- Run | Yrd Mat Min Total 609 | 43 181 385 Wait 26 | . 10 16 Move 518 | 36 138 344 Hop . | . . . Pick Up 6 | 1 4 1 Fast Attach 8 | 5 3 . Attach 3 | . 1 2 Detach 1 | . . 1 Swap 5 | . 4 1 Drop 8 | 1 6 1 Fire 33 | . 15 18 Melee . | . . . Ram . | . . . Kick 1 | . . 1 Crush . | . . . Escape Stasis . | . . . Rewire . | . . . Trap . | . . . Miscellaneous . | . . . Route ------- -11/Scrapyard -10/Materials -10/Mines History --------- Turn | Location | Event 12 | -11/Scrapyard | Discovered new exit (range 15) 55 | -11/Scrapyard | Entered Materials 185 | -10/Materials | Discovered new exit (range 16) 284 | -10/Materials | Entered Mines 291 | -10/Mines | Received a Rocket Launcher from a helpful Derelict 416 | -10/Mines | Build established: Scavenger-Mutant 598 | -10/Mines | Learned location of Storage (-7) 702 | -10/Mines | Assembled infested the area 707 | -10/Mines | Assisted by a Guerilla fighting off Assembled 718 | -10/Mines | Core integrity fell below 50% 746 | -10/Mines | Core integrity fell below 20% 755 | -10/Mines | Destroyed by as-95785 with Assembled F-torch Last Messages --------------- 00713_ HV Slug penetrates Wall. 00714_ ZC-V3G(h) suffers critical hit (Burn). 00718_ ZC-V3G(h) knocked back. 00733_ Particle Gun destroyed. 00735_ Lgt. Nuclear Core destroyed. 00735_ System corrupted by crushing effect (+1). 00735_ Knocked back. 00738_ as-08764 destroyed. 00743_ Aluminum Leg destroyed. 00743_ as-45090 destroyed. 00743_ Mining Laser destroyed. 00743_ as-72899 destroyed. 00744_ The unstable cave ceiling collapses. 00745_ Aluminum Leg destroyed. 00745_ Imp. Heat Sink destroyed. 00745_ Matter Pump disabled. 00745_ as-26203 destroyed. 00746_ K-01 Serf collects debris. 00747_ as-98820 destroyed. 00747_ as-69686 destroyed. Map ----- +----------------------------------------------------+ | ???????????????????????????????????????# | | ???????????????????????????????????????# | | ???????????????????????????????????????? | | ???????????????????????????????????????? | | ???????????????????????????????????????? | | ???????????????????????????????????????? | | ???????????????????????????????????????? | | ???????????????????????????????????????? | | ???????????????????????????????????????? | | ???????????????????????????????????????? | | ???????????????????????????????????????? | | ???????????????????????????????????????? | | ???????????????????????????????????????? | | ???????????????????????????????????????? | | ????????????####???????????????????????? | | ???????????## ##???????????????????#??? | | ???????????# #?????????????????? ###? | | ???????????# ##?###########?### | | ???????????# ### ## # % | | ???????????# """ | | ??????????## """ | | ??????????# ### "" | | ??????????# #### | | ??????????## a##?# | | ???????????## =##??# #?? | | ????????????## @%#???# #####?? | | ?????????????##a=#???# ##?????? | | ??????????????#= #???## #??????? | | ??????????????#%=#????# ##????### | | ??????????????#* #???# ##?## # | | ?????????????## a #?# # ### | | ?????????????#; ####### | | ?????????????##%% ### # | | ?????????????# #### ## # | | ?????????????? a #; % ######## ## # | | ?????????????? ###;% ##????# | | ?????????????? #??# ##???#### # | | ?????????????? #??## #??????# # | | ?????????????? ????## ##???### # | | ?????????????? ?????###" ##??# # | | ?????????????? ????????#" #### ### | | ??????????????????????????### #?? | | ????????????????????????????## ### #?? | | ????????????????????????????## ### #?? | | ????????????????????????????# #?? | | ????????????????????????????# #####?? | | ????????????????????????????## ##?????? | | ?????????????????????????????####??????? | | ???????????????????????????????????????? | | ???????????????????????????????????????? | +----------------------------------------------------+ Best States ------------- Heat Dissipation 39 Energy Generation 14 Energy Capacity 160 Matter Stores 300 Matter Capacity 300 Sight Range 16 Terrain Scan Density 10 Evasion (%) 55 Targeting Accuracy 5 Item Schematics ----------------- None Robot Schematics ------------------ None Fabricated ------------ Nothing Alien Tech Used ----------------- None Achievements -------------- None Challenges ------------ None Game ------ Seed MissileMediumAxe Manual? 0 Play Time 00:08:43 Cumulative 16.3 hours Start 2024.04.06 @ 01:13:42 End 2024.04.06 @ 01:21:45 Sessions 1 Manual Loads 0 Difficulty Rogue Special Mode None Game No. 22 Rogue 22 Adventurer 0 Explorer 0 Win Type - Total 0 Types 0/0/0/0/0/0/0/0/0 Lore% 9 Gallery% 23 Achievement% 20 Wizard Run 0 Options --------- Layout 1 ASCII 0 Keyboard 0 Movement Numpad Keybinds 0 Fullscreen 1 Font 24/Crisp Map View 50x35 Zoom Use 0% Tactical HUD 1 Map Filters NONE Filters NONE Steam 1 RUN: ad853f87-524f-4b81-9820-86404d0eff5e